 Dungeon Crawl Stone Soup version 0.26-a0-510-g79d5159 (webtiles) character file.

Game seed: 1447261965684187111

141 Dorkslayer the Covert (level 5, 0/26 HPs)
             Began as a Spriggan Brigand on Aug 9, 2020.
             Slain by an adder (1 damage)
             ... on level 2 of the Dungeon.
             The game lasted 00:09:13 (1990 turns).

Dorkslayer the Covert (Spriggan Brigand)            Turns: 1990, Time: 00:09:14

Health: 0/26       AC:  3    Str:  7    XL:     5   Next: 3%
Magic:  6/6        EV: 18    Int: 13    God:
Gold:   64         SH:  0    Dex: 18    Spells: 4/4 levels left

rFire    . . .     SeeInvis +   a - +2 dagger
rCold    . . .     Faith    .   (shield restricted)
rNeg     . . .     Spirit   .   b - +0 robe
rPois    .         Reflect  .   (helmet restricted)
rElec    .         Harm     .   c - +0 cloak
rCorr    .                      (gloves unavailable)
MR       .....                  (boots unavailable)
Stlth    ++++......             (no amulet)
HPRegen  0.08/turn              (no ring)
MPRegen  0.10/turn              (no ring)

@: very quick
A: very small, unfitting armour, see invisible, speed 3
a: no special abilities


You were on level 2 of the Dungeon.
You visited 1 branch of the dungeon, and saw 2 of its levels.

You collected 64 gold pieces.

Inventory:

Hand Weapons
 a - a +2 dagger (weapon)
 h - a +3 hand axe
Missiles
 d - 3 poisoned darts (quivered)
Armour
 b - a +0 robe (worn)
 c - a +0 cloak (worn)
Scrolls
 f - 2 scrolls of remove curse
 i - 2 scrolls of fear
 j - a scroll of teleportation
 k - a scroll of enchant armour {unknown}
 l - a scroll of identify {unknown}
 n - a scroll of immolation {unknown}


   Skills:
 + Level 2.0 Fighting
 + Level 3.2 Short Blades
 + Level 2.3 Throwing
 + Level 2.3 Dodging
 + Level 8.2 Stealth


You had 4 spell levels left.
You didn't know any spells.
Your spell library was empty.

Dungeon Overview and Level Annotations

Branches:
Dungeon (2/15)

Altars:


Innate Abilities, Weirdness & Mutations

You are very small and have problems with some larger weapons.
You are too small for most types of armour.
You have supernaturally acute eyesight. (SInv)
You cover ground extremely quickly.


Message History

* * * LOW HITPOINT WARNING * * *
The adder barely misses you.
You barely miss the adder. The adder completely misses you.
You barely miss the adder. The adder completely misses you.
You hit the adder.
The adder is lightly wounded.
The adder barely misses you.
You hit the adder but do no damage.
The adder is lightly wounded.
The adder barely misses you.
You miss the adder.
The adder is lightly wounded.
The adder closely misses you.
You hit the adder.
The adder is lightly wounded.
The adder closely misses you.
You barely miss the adder.
The adder is lightly wounded.
The adder bites you.
You die...

....#.#..###........<.....######.
. #(#(## ######.....#.......##.
#...# ###......####.... #.)##
#.......w...#.. ####).#
#..(w#.####.#..
#...(.############...##.####....
##[..............h..÷.......#...
###..........S###...##.#..^..##
###########.@.....##.#...###
############....(##.#####
##....†.÷........###.#
##............###.....#
#..............########
#..............# #..............#
#..............# #..............#


You could see an adder.

Vanquished Creatures
  Natasha (twice) (D:2)
  4 adders (D:2)
  An ooze (D:1)
  2 worms (D:2)
  A dart slug (D:1)
  A leopard gecko (D:1)
  3 ball pythons (D:2)
  A giant cockroach (D:1)
  7 goblins
  4 hobgoblins
  4 jackals (D:1)
  4 kobolds
  A quokka (D:2)
  5 bats
  3 frilled lizards
  A rat (D:1)
44 creatures vanquished.

Notes
Turn   | Place    | Note
-------+----------+-------------------------------------------
     0 | D:1      | Dorkslayer the Spriggan Brigand began the quest for the
                  | Orb.
     0 | D:1      | Reached XP level 1. HP: 10/10 MP: 2/2
     6 | D:1      | Noticed a hog
     6 | D:1      | Noticed a wyvern
     6 | D:1      | Noticed a worker ant
     6 | D:1      | Noticed an anaconda
     6 | D:1      | Noticed a crocodile
    35 | D:1      | Reached skill level 6 in Stealth
   192 | D:1      | Reached XP level 2. HP: 15/15 MP: 3/3
   549 | D:1      | Reached skill level 7 in Stealth
   606 | D:1      | Reached XP level 3. HP: 16/18 MP: 4/4
   656 | D:1      | You fall into a shaft and drop 1 floor!
  1138 | D:2      | Noticed Natasha
  1150 | D:2      | Killed Natasha
  1150 | D:2      | Reached XP level 4. HP: 9/23 MP: 5/5
  1365 | D:2      | Reached skill level 8 in Stealth
  1965 | D:2      | Noticed Natasha
  1982 | D:2      | Killed Natasha
  1982 | D:2      | Reached XP level 5. HP: 3/26 MP: 6/6
  1983 | D:2      | HP: 1/26 [adder (3)]
  1990 | D:2      | Slain by an adder

Illustrated notes

Levels and vault maps discovered:
D:1:      onia_arrival_zoo_common, layout_basic, minmay_misc_feat_tiny,
          minmay_stone_trees_small
D:2:      layout_rooms, kennysheep_jessica_study, uniq_natasha, uniq_terence

Skill      XL: |  1  2  3  4 |
---------------+-------------+-----
Stealth        | 6 7 8 |  8.2
Dodging        | 2 |  2.3
Short Blades   | 3 |  3.2
Fighting       | 2 |  2.0
Throwing       | |  2.3

Action                   |  1- 3 |  4- 6 || total
-------------------------+-------+-------++-------
Melee: Dagger            |    94 |    68 ||   162
Throw: Dart              |    10 |     9 ||    19
  Use: Scroll            |     4 |       ||     4
       Potion            |       |     2 ||     2
 Stab: Sleeping          |    14 |       ||    14
       Distracted        |     1 |       ||     1
Armor: Robe              |     8 |     7 ||    15
Dodge: Dodged            |    44 |    45 ||    89

Table legend: (Time is in decaauts)
 A = Elapsed time spent in this place.
 B = Non-inter-level travel time spent in this place.
 C = Inter-level travel time spent in this place.
 D = Time resting spent in this place.
 E = Time spent auto-exploring this place.
 F = Levels seen in this place.
 G = Mean time per level.
                   A        B        C        D        E       F      G
               +--------+--------+--------+--------+--------+-----+--------+
         Total |   1629 |   1629 |      0 |    800 |    233 |   2 |  814.5 |
       Dungeon |   1629 |   1629 |      0 |    800 |    233 |   2 |  814.5 |
               +--------+--------+--------+--------+--------+-----+--------+

Top non-repeatable levels by time:
     D:2: 1031 daAuts
     D:1: 598 daAuts
